 Dungeon Crawl Stone Soup version 0.19-a0-1712-gff403d4 (webtiles) character file.

87691 Psiweapon the Sharpshooter (level 16, -12/109 HPs)
             Began as a Kobold Hunter on Sept 28, 2016.
             Was the Champion of Dithmenos.
             Mangled by Saint Roka
             ... wielding a +6 war axe of chopping
              (32 damage)
             ... on level 2 of the Orcish Mines on Sept 29, 2016.
             The game lasted 02:47:33 (26201 turns).

Psiweapon the Sharpshooter (Kobold Hunter)         Turns: 26201, Time: 02:47:33

Health: -12/109    AC: 22    Str: 12 (13) XL:     16   Next: 38%
Magic:  1/9        EV: 28    Int: 17 (18) God:    Dithmenos [******]
Gold:   2389       SH: 10    Dex: 28 (29) Spells: 4 memorised, 6 levels left

rFire  . . .     SeeInvis +     T - +8 rapier "Sywnoc" {antimagic, rElec Str+3 Int+3}
rCold  + + .     Gourm    .     l - +1 troll leather armour
rNeg   . . .     Faith    .     H - +0 shield {reflect}
rPois  .         Spirit   .     w - +2 helmet
rElec  +         Dismiss  .     y - +2 cloak of the Thief {+Fog Slay-2 SInv Stlth+}
rCorr  .         Reflect  +     Q - +2 pair of gloves
MR     +....     Harm     .     k - +0 pair of boots {Fly}
Stlth  ++++++++++               (no amulet)
                                D - +3 ring of intelligence
                                x - ring of magical power

@: agile, flying, wreathed by umbra
A: talons 1, rugged brown scales 1, thin metallic scales 1, see invisible, agile
1, carnivore 3, cold resistance 2, deterioration 1, robust 1, electricity
resistance, slow regeneration 1
a: Shadow Step, Shadow Form, Renounce Religion, Evoke Fog, Stop Flying


You were on level 2 of the Orcish Mines.
You worshipped Dithmenos.
Dithmenos was exalted by your worship.
You were very full.

You visited 4 branches of the dungeon, and saw 24 of its levels.
You also visited: Volcano.

You collected 3148 gold pieces.
You spent 759 gold pieces at shops.

Inventory:

Hand Weapons
 a - a +3 hand crossbow of electrocution
 b - a +2 whip of electrocution
 e - a +1 dagger of pain
 r - a +0 blowgun
 P - a +1 demon trident of electrocution
 R - a +0 demon whip
 T - the +8 rapier "Sywnoc" (weapon) {antimagic, rElec Str+3 Int+3}
   (You found it on level 6 of the Lair of Beasts)

   It reduces the magical energy of the wielder, and disrupts the spells and
   magical abilities of those hit.
   Natural abilities and divine invocations are not affected.
   It affects your strength (+3).
   It affects your intelligence (+3).
   It insulates you from electricity.
Missiles
 d - 7 bolts
 s - 55 poisoned needles
 F - a throwing net (quivered)
 J - 14 tomahawks
Armour
 h - a +0 leather armour of fire resistance
 k - a +0 pair of boots of flying (worn)
 l - a +1 troll leather armour (worn)
 w - a +2 helmet (worn)
 y - the +2 cloak of the Thief (worn) {+Fog Slay-2 SInv Stlth+}
   (You bought it in a shop on level 8 of the Dungeon)

   It affects your accuracy and damage with ranged weapons and melee attacks
   (-2).
   It lets you see invisible.
   It can be evoked to emit clouds of fog.
   It makes you more stealthy.
 H - a +0 shield of reflection (worn)
 Q - a +2 pair of gloves (worn)
Jewellery
 q - an uncursed ring of stealth
 x - a ring of magical power (left hand)
 B - an uncursed ring of fire
 D - a +3 ring of intelligence (right hand)
 L - an uncursed amulet of dismissal {unknown}
 N - an uncursed ring of protection from magic
Wands
 A - a wand of acid (0/15)
 U - a wand of teleportation (4/9)
 V - a wand of iceblast (5/15)
 W - a wand of acid (0/15)
 Y - a wand of iceblast (9/15)
 Z - a wand of digging (10/24)
Scrolls
 g - 3 scrolls of magic mapping
 j - 13 scrolls of remove curse
 m - 5 scrolls of fog
 u - a scroll of recharging
 S - a scroll of fear
Potions
 c - 2 potions of berserk rage {unknown}
 i - 2 potions of invisibility {unknown}
 p - a potion of lignification {unknown}
 t - 3 potions of magic
 z - a potion of flight
 C - 5 potions of curing
 E - 4 potions of might
 I - 4 potions of brilliance
 M - 2 potions of haste {unknown}
 X - a potion of cancellation
Comestibles
 f - 8 meat rations
 n - 7 chunks of flesh
 o - 12 slices of pizza
 K - 7 beef jerkies
 O - 2 royal jellies


   Skills:
 - Level 10.0 Fighting
 - Level 10.1 Short Blades
 - Level 4.7 Maces & Flails
 - Level 16.6 Crossbows
 - Level 5.3 Throwing
 - Level 10.5 Armour
 - Level 10.5 Dodging
 - Level 12.5 Stealth
 + Level 2.1 Shields
 - Level 6.9 Necromancy
 + Level 4.9 Invocations
 - Level 5.1 Evocations


You had 6 spell levels left.
You knew the following spells:

 Your Spells              Type           Power        Failure   Level  Hunger
a - Animate Skeleton      Necr           N/A          12%         1    ##.....
b - Vampiric Draining     Necr           ###.......   34%         3    ####...
c - Regeneration          Chrm/Necr      ##........   97%         3    ####...
d - Ensorcelled Hibernat  Hex/Ice        #.....       99%         2    ###....


Dungeon Overview and Level Annotations

Branches:
Dungeon (15/15)            Temple (1/1) D:7            Lair (6/6) D:9
 Shoals (0/4) Lair:4       Spider (0/4) Lair:4        Slime (0/5) Lair:6
    Orc (2/2) D:10            Elf (0/3) Orc:2        Vaults (0/5) D:13
 Depths (0/5) D:15

Altars:
Ashenzari
Cheibriados
Dithmenos
Elyvilon
Fedhas
Gozag
Hepliaklqana
Kikubaaqudgha
Makhleb
Nemelex Xobeh
Okawaru
Qazlal
Ru
Sif Muna
Trog
Uskayaw
Vehumet
Xom
Yredelemnul
Zin
The Shining One
Jiyva

Shops:
D:6 %   D:8 !![%[   D:12 [*   D:13 (   Orc:2 =

Annotations:
Orc:2 Saint Roka


Innate Abilities, Weirdness & Mutations

You are small and have problems with some larger weapons.
You are carnivorous and can eat meat at any time.
You have sharp toenails.
You are partially covered in rugged brown scales. (AC +1, +3% HP)
You are partially covered in thin metallic scales. (AC +2)
You have supernaturally acute eyesight. (SInv)
You are agile. (Dex +2)
Your flesh is very cold resistant. (rC++)
Your body sometimes deteriorates upon taking damage.
You are robust. (+10% HP)
You are resistant to electric shocks. (rElec)
You regenerate slowly when monsters are visible.


Message History

The orc completely misses you. Saint Roka hits you but does no damage.
You hit Saint Roka.
Saint Roka is almost dead.
Your orc warrior skeleton barely misses Saint Roka.
You block the orc's attack.
You hit Saint Roka but do no damage.
Saint Roka is almost dead.
Saint Roka hits you but does no damage. The orc misses you.
You closely miss Saint Roka.
Saint Roka is almost dead.
Your orc warrior skeleton hits Saint Roka from afar with a halberd.
Saint Roka hits you with a war axe of chopping!
* * * LOW HITPOINT WARNING * * *
x2 You hit Saint Roka but do no damage.
Saint Roka is almost dead.
You block the orc's attack.
You hit Saint Roka but do no damage.
Saint Roka is almost dead.
Saint Roka hits you with a war axe of chopping!!
You die...

*,,,,*,,,*#.###########.#########
,,,,**,,,,.......................
,,,,*,,,,...,....................
,,,,,,,,.##***##.###.###.#######.
,,,,,,,,,*∩,,,,#.# #.# #.#,,_,,#.
,,*,,,,,,*,,,,,#.###.###.#,,,..#.
,,,,,,,,,*,,,,,#Z)...[...#,,...#.
,*,,,,,,,*,,,,,#Z###)###.###'###o
,,,,,,,,,***'**#@# #.# #........o
,,,,,,,,,...(()oo# #.# #..8...8..
,,,,,,,,,###'##[o###(###........o
,,*,,,,,,*,,,,#.(()..(.oo........
,,,,,,,,,*,,,,#..#######.###.###.
,,,,,,,,,*∩,,,#..# #.# #.# #.
*,,,,,,,,**####(.#######o###.###.
*,,,,,,,,,,.......)..o)..........
*,,,,,,,,,,......................


You could see Saint Roka, 2 orcs and 2 friendly orc warrior skeletons.

Vanquished Creatures
  Donald (Orc:2)
  Kirke (Lair:5)
  A stone giant (Orc:2)
  A fire dragon (D:15)
  Erolcha (Orc:2)
  5 vault guards (D:13)
  8 hydras
  An ice dragon (D:15)
  A centaur warrior (D:13)
  A catoblepas (Lair:6)
  3 tengu warriors (D:15)
  Erica (D:8)
  A death knight (D:11)
  9 death yaks
  A deep troll shaman (Lair:6)
  Urug (D:13)
  A deep elf knight (D:13)
  2 skeletal warriors (D:11)
  2 unseen horrors
  A lindwurm (Lair:6)
  6 orc knights (Orc:2)
  8 hill giants
  2 deep elf magi
  7 ugly things
  An orb spider (shapeshifter) (D:13)
  3 orc sorcerers
  An oklob plant (D:15)
  5 cyclopes
  4 elephants (Lair:6)
  3 centaur zombies
  A toenail golem (Volcano)
  A black mamba (Lair:2)
  A black mamba (shapeshifter) (D:15)
  A smoke demon (Volcano)
  2 gargoyles
  9 spiny frogs
  8 komodo dragons
  A freezing wraith (D:11)
  A tengu conjurer (D:15)
  2 red devils (Volcano)
  2 trolls (D:10)
  A polar bear (Lair:6)
  6 two-headed ogres
  Prince Ribbit (D:5)
  14 blink frogs
  7 hippogriffs
  A snapping turtle (Lair:4)
  A centaur simulacrum (D:15)
  43 yaks
  2 humans
  3 fire bats (Lair:5)
  4 wraiths
  4 hogs
  A wyvern (Lair:6)
  2 basilisks
  4 hungry ghosts
  2 steam dragons
  7 vampire mosquitoes (D:15)
  4 wargs
  3 mottled dragons
  A soldier ant (D:13)
  14 water moccasins
  7 porcupines
  2 hell hounds (D:9)
  2 sky beasts
  A swamp drake (Lair:4)
  4 phantoms
  33 orc warriors
  2 eyes of draining
  3 necrophages (D:10)
  5 ice beasts
  A wasp (D:15)
  A black bear (D:9)
  8 ogres
  9 wolves
  12 centaurs
  5 crocodiles
  4 big kobolds
  14 bullfrogs
  A gnoll sergeant (D:12)
  A wyvern skeleton (D:14)
  4 scorpions
  2 wights (D:10)
  4 howler monkeys
  3 electric eels (Lair:4)
  6 crimson imps
  2 bullfrog zombies
  8 hounds
  8 jellies
  A wasp zombie (D:7)
  2 quasits
  11 orc priests
  3 human zombies (D:10)
  A bullfrog skeleton (D:10)
  22 orc wizards
  4 centaur skeletons
  Natasha (D:2)
  Terence (D:3)
  9 iguanas
  13 worker ants
  A killer bee zombie (D:10)
  2 hound zombies
  6 hound skeletons
  3 worker ant zombies
  5 gnolls (D:12)
  A howler monkey skeleton (D:8)
  A howler monkey zombie (D:11)
  16 adders
  13 river rats
  3 shadow imps
  An adder zombie (D:5)
  4 worms
  2 dart slugs
  5 leopard geckos
  106 orcs
  7 giant cockroaches
  8 goblins
  6 hobgoblins
  21 jackals
  11 kobolds
  3 quokkas
  9 bats
  3 frilled lizards
  A leopard gecko skeleton (D:5)
  2 orc zombies (D:10)
  2 quokka skeletons
  8 rats
707 creatures vanquished.

Vanquished Creatures (collateral kills)
  A centaur warrior (D:15)
  A catoblepas (Lair:6)
  A lindwurm (Lair:6)
  A hill giant (D:11)
  An ugly thing (D:15)
  A deep elf mage (D:15)
  2 spiny frogs (Lair:6)
  A polar bear (Lair:6)
  A hippogriff (Lair:6)
  A centaur simulacrum (D:15)
  3 yaks
  A vampire (D:15)
  2 vampire mosquitoes (D:15)
  A water moccasin (Lair:6)
  A sky beast (D:12)
  An orc warrior (Orc:2)
  A wasp (D:12)
  A black bear (Lair:6)
  3 wolves (Lair:6)
  2 crocodiles (Lair:6)
  2 bullfrogs
  A worker ant (D:14)
  An iguana (D:12)
  3 river rats (Lair:6)
  6 orcs
  A jackal (D:11)
  A kobold (D:11)
  A fungus (D:15)
  3 plants
46 creatures vanquished.

Vanquished Creatures (others)
  An orc (Orc:2)
  10 fungi
  A plant (Lair:4)
12 creatures vanquished.

Grand Total: 765 creatures vanquished

Notes
Turn   | Place    | Note
-------+----------+-------------------------------------------
     0 | D:1      | Psiweapon the Kobold Hunter began the quest for the Orb.
     0 | D:1      | Reached XP level 1. HP: 12/12 MP: 1/1
    92 | D:1      | Found a shattered altar of Ashenzari.
   288 | D:1      | Reached XP level 2. HP: 17/17 MP: 2/2
   420 | D:2      | Reached XP level 3. HP: 21/21 MP: 3/3
  1274 | D:4      | Reached skill level 5 in Stealth
  1274 | D:4      | Reached XP level 4. HP: 26/26 MP: 4/4
  1310 | D:3      | Found a faded altar of an unknown god.
  1399 | D:3      | Reached XP level 5. HP: 15/30 MP: 5/5
  1449 | D:3      | Noticed Terence
  1646 | D:2      | Noticed Natasha
  1654 | D:2      | Killed Natasha
  1714 | D:3      | Reached skill level 5 in Crossbows
  1837 | D:3      | Found a hide-covered altar of Uskayaw.
  2004 | D:2      | Found a snail-covered altar of Cheibriados.
  2178 | D:3      | Found a bloodstained altar of Trog.
  2453 | D:3      | Killed Terence
  2453 | D:3      | Reached skill level 1 in Short Blades
  2453 | D:3      | Reached XP level 6. HP: 35/35 MP: 6/6
  2721 | D:4      | Reached skill level 6 in Crossbows
  2962 | D:4      | Noticed an orc warrior
  2971 | D:4      | Killed an orc warrior
  2971 | D:4      | Reached skill level 1 in Throwing
  2971 | D:4      | Reached XP level 7. HP: 40/40 MP: 7/7
  3287 | D:4      | Reached skill level 5 in Short Blades
  3375 | D:5      | Entered Level 5 of the Dungeon
  3784 | D:5      | Noticed Prince Ribbit
  3800 | D:5      | Killed Prince Ribbit
  3800 | D:5      | Reached XP level 8. HP: 41/44 MP: 8/8
  3856 | D:5      | Reached skill level 7 in Crossbows
  3856 | D:5      | Reached skill level 5 in Throwing
  4825 | D:6      | Reached skill level 1 in Maces & Flails
  4880 | D:6      | Reached XP level 9. HP: 46/48 MP: 9/9
  5075 | D:7      | Gained mutation: Scrolls take you a little longer to read. [potion of mutation]
  5075 | D:7      | Gained mutation: Your flesh is cold resistant. (rC+) [potion of mutation]
  5075 | D:7      | Gained mutation: You have sharp toenails. [potion of mutation]
  5076 | D:7      | Gained mutation: You are frail. (-10% HP) [potion of mutation]
  5076 | D:7      | Gained mutation: You are partially covered in thin metallic scales. (AC +2) [potion of mutation]
  5076 | D:7      | Gained mutation: You passively map a small area around you. [potion of mutation]
  5077 | D:7      | Gained mutation: You tend to lose your temper in combat. [potion of mutation]
  5078 | D:7      | Gained mutation: You are partially covered in rugged brown scales. (AC +1, +3% HP) [potion of mutation]
  5078 | D:7      | Lost mutation: You are frail. (-10% HP) [potion of mutation]
  5078 | D:7      | Gained mutation: You are dopey. (Int -2) [potion of mutation]
  5090 | D:8      | Found Puwkat's Distillery.
  5094 | D:8      | Found Plog's Armour Boutique.
  5101 | D:8      | Bought a potion of mutation for 40 gold pieces
  5101 | D:8      | Bought a potion of mutation for 40 gold pieces
  5101 | D:8      | Bought a potion of curing for 48 gold pieces
  5101 | D:8      | Bought a potion of curing for 48 gold pieces
  5101 | D:8      | Gained mutation: Your body sometimes deteriorates upon taking damage. [potion of mutation]
  5101 | D:8      | Gained mutation: You are agile. (Dex +2) [potion of mutation]
  5101 | D:8      | Lost mutation: Scrolls take you a little longer to read. [potion of mutation]
  5102 | D:8      | Gained mutation: You are robust. (+10% HP) [potion of mutation]
  5102 | D:8      | Gained mutation: You are resistant to hostile enchantments. (MR+) [potion of mutation]
  5356 | D:6      | Noticed a cyclops
  5398 | D:6      | Killed a cyclops
  5398 | D:6      | Reached skill level 5 in Dodging
  5576 | D:6      | Found Roiny's Food Shop.
  6223 | D:7      | Found a staircase to the Ecumenical Temple.
  6227 | Temple   | Entered the Ecumenical Temple
  6550 | Temple   | Became a worshipper of Dithmenos the Shadowed
  6916 | D:7      | Reached skill level 10 in Stealth
  6921 | D:7      | Reached XP level 10. HP: 56/59 MP: 10/10
  7657 | D:7      | Reached * piety under Dithmenos
  8034 | D:7      | Found a sacrificial altar of Ru.
  8172 | D:8      | Found Dyxatuex's Distillery.
  8174 | D:8      | Noticed Erica
  8425 | D:8      | Killed Erica
  8501 | D:8      | Bought 2 potions of degeneration for 28 gold pieces
  8606 | D:8      | Found Epleitob's Antique Armour Emporium.
  8666 | D:8      | Found Vineahos's Food Shoppe.
  8732 | D:8      | Reached skill level 10 in Dodging
  8892 | D:8      | Learned a level 1 spell: Animate Skeleton
  9454 | D:10     | Entered Level 10 of the Dungeon
  9467 | D:9      | Found a staircase to the Lair.
  9523 | D:9      | Reached ** piety under Dithmenos
  9523 | D:9      | Reached XP level 11. HP: 60/64 MP: 11/11
  9713 | D:9      | Reached skill level 10 in Short Blades
  9839 | D:10     | Found a staircase to the Orcish Mines.
 10163 | D:10     | Reached *** piety under Dithmenos
 10307 | D:12     | Found Yffebuj's Armour Shoppe.
 10995 | D:10     | Reached skill level 1 in Necromancy
 11150 | D:11     | Got a transparent scale mail
 11168 | D:10     | Identified the cursed +0 scale mail "Dajirphe" {rElec rC+} (You found it on level 11 of the Dungeon)
 11313 | D:10     | Noticed an unseen horror
 11349 | D:10     | Killed an unseen horror
 11380 | D:10     | Reached skill level 5 in Necromancy
 11823 | D:10     | Reached **** piety under Dithmenos
 11823 | D:10     | Reached XP level 12. HP: 59/70 MP: 12/12
 11827 | D:10     | Found an ancient bone altar of Kikubaaqudgha.
 11957 | D:10     | Learned a level 3 spell: Vampiric Draining
 12427 | D:11     | Noticed a skeletal warrior
 12428 | D:11     | Noticed a death knight
 12431 | D:11     | Noticed a skeletal warrior
 12432 | D:11     | Killed a death knight
 12432 | D:11     | Reached skill level 5 in Fighting
 12433 | D:11     | Killed a skeletal warrior
 12904 | Lair:1   | Entered Level 1 of the Lair of Beasts
 12925 | Lair:2   | Noticed a five-headed hydra
 12931 | Lair:2   | Killed a five-headed hydra
 13066 | Lair:1   | Found a shadowy altar of Dithmenos.
 13197 | Lair:1   | Noticed a six-headed hydra
 13210 | Lair:1   | Killed a six-headed hydra
 13258 | Lair:1   | Noticed a five-headed hydra
 13543 | Lair:2   | Reached skill level 10 in Fighting
 13682 | Lair:2   | Learned a level 3 spell: Regeneration
 13860 | Lair:2   | Noticed a seven-headed hydra
 13868 | Lair:2   | Killed a seven-headed hydra
 13868 | Lair:2   | Reached skill level 1 in Armour
 13868 | Lair:2   | Reached XP level 13. HP: 92/92 MP: 13/13
 14460 | Lair:1   | Reached skill level 8 in Crossbows
 14500 | Lair:1   | Killed a five-headed hydra
 14817 | D:8      | Bought the +2 cloak of the Thief {+Fog Slay-2 SInv Stlth+} for 551 gold pieces
 14937 | Lair:3   | Learned a level 2 spell: Ensorcelled Hibernation
 15023 | Lair:3   | Reached skill level 9 in Crossbows
 15645 | Lair:3   | Reached skill level 10 in Crossbows
 16220 | Lair:4   | Found a hole to the Spider Nest.
 16303 | Lair:5   | Found a dark tunnel.
 16327 | Volcano  | Entered a volcano
 16386 | Volcano  | Reached skill level 5 in Armour
 17016 | Lair:4   | Reached ***** piety under Dithmenos
 17111 | Lair:4   | Reached skill level 11 in Crossbows
 17299 | Lair:4   | Found a staircase to the Shoals.
 17470 | Lair:4   | You are sucked into a shaft for 2 floors!
 17470 | Lair:6   | Entered Level 6 of the Lair of Beasts
 17533 | Lair:6   | Noticed a catoblepas
 17539 | Lair:6   | Killed a catoblepas
 17549 | Lair:6   | Noticed a four-headed hydra
 17554 | Lair:6   | Killed a four-headed hydra
 17620 | Lair:6   | Reached XP level 14. HP: 99/99 MP: 14/14
 17646 | Lair:6   | Found a staircase to the Slime Pits.
 17662 | Lair:6   | Found a viscous altar of Jiyva.
 17747 | Lair:6   | Reached skill level 12 in Crossbows
 18181 | Lair:6   | Reached skill level 13 in Crossbows
 18286 | Lair:6   | Got a slimy rapier
 18288 | Lair:6   | Identified the +8 rapier "Sywnoc" {antimagic, rElec Str+3 Int+3} (You found it on level 6 of the Lair of Beasts)
 19101 | Lair:5   | Noticed Kirke
 19124 | Lair:5   | Killed Kirke
 20485 | D:11     | Reached skill level 14 in Crossbows
 20669 | D:11     | Reached XP level 15. HP: 83/103 MP: 15/15
 21093 | D:12     | Got a slimy cloak
 21097 | D:12     | Found Bitur's Changing Room.
 21121 | D:12     | Bought 3 mutagenic chunks of flesh for 4 gold pieces
 21196 | D:12     | HP: 4/103 [red ugly thing (18)]
 22123 | D:13     | Reached skill level 15 in Crossbows
 22133 | D:13     | Reached skill level 10 in Armour
 22151 | D:13     | Found a gate to the Vaults.
 22254 | D:13     | Found Kysiedgh's Weapon Shoppe.
 22259 | D:13     | Identified the cursed +0 cloak of the Ancient Runes {rN+} (You found it on level 12 of the Dungeon)
 22295 | D:13     | Gained mutation: You are resistant to electric shocks. (rElec) [potion of mutation]
 22295 | D:13     | Gained mutation: You are very dopey. (Int -4) [potion of mutation]
 22325 | D:13     | Found an opulent altar of Gozag.
 22360 | D:13     | Noticed Urug
 22368 | D:13     | Killed Urug
 22520 | D:14     | Found Leistyts's Antique Weapon Shop.
 22761 | D:14     | Lost mutation: You are resistant to hostile enchantments. (MR+) [mutagenic meat]
 22764 | D:14     | Lost mutation: Your body sometimes deteriorates upon taking damage. [mutagenic meat]
 22767 | D:14     | Lost mutation: You are very dopey. (Int -4) [mutagenic meat]
 22952 | D:14     | Got a brightly glowing scale mail
 22963 | D:14     | Identified the +0 scale mail of Kuthrasusm {Int+4} (You found it on level 14 of the Dungeon)
 23176 | D:14     | You are sucked into a shaft!
 23176 | D:15     | Entered Level 15 of the Dungeon
 23205 | D:15     | Reached skill level 1 in Evocations
 23258 | D:15     | Found a staircase to the Depths.
 23301 | D:15     | Reached skill level 16 in Crossbows
 23448 | D:15     | Gained mutation: You regenerate slowly when monsters are visible. [mutagenic meat]
 23451 | D:15     | Gained mutation: Your body sometimes deteriorates upon taking damage. [mutagenic meat]
 23454 | D:15     | Lost mutation: You passively map a small area around you. [mutagenic meat]
 23462 | D:15     | Lost mutation: You are dopey. (Int -2) [mutagenic meat]
 23465 | D:15     | Lost mutation: You tend to lose your temper in combat. [mutagenic meat]
 23481 | D:15     | Gained mutation: Your flesh is very cold resistant. (rC++) [mutagenic meat]
 23507 | D:15     | Reached XP level 16. HP: 74/109 MP: 19/19
 23686 | D:15     | Reached skill level 5 in Evocations
 23687 | D:15     | Found an iron altar of Okawaru.
 23885 | D:15     | Reached ****** piety under Dithmenos
 24410 | D:11     | Gained mutation: You have supernaturally acute eyesight. (SInv) [potion of mutation]
 24494 | Orc:1    | Entered Level 1 of the Orcish Mines
 24613 | Orc:1    | Reached skill level 1 in Invocations
 24943 | Orc:1    | You are sucked into a shaft!
 24943 | Orc:2    | Entered Level 2 of the Orcish Mines
 25048 | Orc:2    | Noticed Erolcha
 25051 | Orc:2    | Killed Erolcha
 25061 | Orc:2    | Found a staircase to the Elven Halls.
 25144 | Orc:2    | Noticed Donald
 25148 | Orc:2    | Killed Donald
 25354 | Orc:2    | Found Xuphi's Jewellery Boutique.
 25551 | Orc:2    | Reached skill level 1 in Shields
 25789 | Orc:2    | Noticed Saint Roka
 26201 | Orc:2    | Mangled by Saint Roka

Vault maps used:
D:1:      minmay_arrival_shattered_statue, evilmike_ruin_ashenzari
D:2:      marbit_many_paths, first_bread, minmay_misc_feat_hallway,
          uniq_natasha, uniq_terence
D:3:      lemuel_doored_altar, ecumenical_altar_2, bloody_trog
D:5:      minmay_diamond_boxcup, uniq_prince_ribbit1
D:6:      serial_shops, nicolae_shop_statue_plus
D:7:      lemuel_coloured_pillars_altar, kennysheep_diamond, grunt_livestock
D:8:      serial_shops, shop, nicolae_shop_statue_plus, shop_fountains, shop,
          shop_fountains, minmay_misc_feat_nine_boxes, uniq_erica
D:9:      minmay_lair_entry_lava, glass_columns_c
D:10:     minmay_four_partial_circles, hiddenorc2_lemuel,
          lemuel_mausoleum_altar_kikubaaqudgha
D:11:     wad_crossroads, minmay_misc_feat_square, st_stairs_1
D:12:     serial_shops, shop, nicolae_transmutations_shop
D:13:     grunt_vaults_entry_fortified, serial_shops, kennysheep_little_box,
          spider_trap, nicolae_gozag_seed_capital, uniq_urug
D:14:     serial_shops, shop, hangedman_glass_teeth
D:15:     grunt_enter_depths_hoard, serial_park_square1,
          minmay_gold_behind_fungi, lemuel_oklob_altar
Temple:   eino_narrow_crystal_temple
Lair:1:   basic_altar, beast_lair_carwin_5, infiniplex_staircase_pool_2
Lair:2:   grunt_megastairs_4
Lair:3:   grunt_megastairs_1, serial_bayou_shore_b, lemuel_fruit_fields
Lair:4:   minmay_shoals_entry_hut, spider_nest_entry_web_field,
          guppyfry_lair_drakes, serial_bayou_shore_a
Lair:5:   nicolae_volcano_entry_batcave, lemuel_fruit_fields, uniq_kirke
Lair:6:   grunt_lair_end_beastmaster, slime_altar_1
Orc:2:    st_orc_town, uniq_erolcha, uniq_saint_roka, uniq_donald
Volcano:  volcano_pools

Skill      XL: |  1  2  3  4  5  6  7  8  9 10 11 12 13 14 15 16 |
---------------+-------------------------------------------------+-----
Stealth        | 2 4 5 6 7 10 12 | 12.5
Crossbows      | 5 6 7 11 14 16 | 16.6
Short Blades   | 1 3 5 9 10 | 10.1
Throwing       | 1 4 5 |  5.3
Maces & Flails | 3 4 |  4.7
Dodging        | 7 10 | 10.5
Necromancy     | 6 |  6.9
Fighting       | 10 | 10.0
Armour         | 1 6 9 10 | 10.5
Evocations     | 4 5 |  5.1
Invocations    | 4 |  4.9
Shields        | 2 |  2.1

Action                   |  1- 3 |  4- 6 |  7- 9 | 10-12 | 13-15 | 16-18 || total
-------------------------+-------+-------+-------+-------+-------+-------++-------
Melee: Short sword       |    47 |       |       |       |       |       ||    47
       Dagger            |    11 |   112 |   140 |   118 |   230 |    12 ||   623
       Whip              |       |       |   116 |   633 |   688 |   128 ||  1565
       Kick              |       |       |    18 |   280 |    73 |       ||   371
       Trident           |       |       |     5 |     6 |       |       ||    11
       Staff             |       |       |       |       |    11 |       ||    11
       Rapier            |       |       |       |       |    12 |    40 ||    52
 Fire: Hand crossbow     |    21 |    26 |    89 |   143 |   282 |   125 ||   686
       Blowgun           |       |    12 |    54 |    31 |     9 |    12 ||   118
Throw: Tomahawk          |       |       |       |     1 |       |       ||     1
 Cast: Animate Skeleton  |       |       |       |    12 |    58 |    26 ||    96
       Vampiric Draining |       |       |       |       |    12 |     6 ||    18
Invok: Shadow Step       |       |       |       |     1 |     7 |     3 ||    11
Evoke: Wand              |       |       |     1 |     3 |    11 |     4 ||    19
  Use: Scroll            |       |       |     4 |    19 |    14 |     2 ||    39
       Potion            |       |       |     7 |     2 |     6 |     3 ||    18
 Stab: Sleeping          |     2 |     8 |     9 |    43 |    79 |    15 ||   156
       Distracted        |       |     1 |     1 |     1 |     5 |     2 ||    10
       Petrified         |       |       |       |       |    10 |       ||    10
       Petrifying        |       |       |       |       |     2 |       ||     2
  Eat: Chunk             |     9 |     6 |    16 |    33 |    50 |    15 ||   129
Armor: Leather armour    |    17 |    13 |       |       |       |       ||    30
       Robe              |       |    18 |    77 |    98 |       |       ||   193
       Troll leather arm |       |       |       |       |   201 |    26 ||   227
       Steam dragon armo |       |       |       |       |    24 |       ||    24
Dodge: Dodged            |    54 |    87 |   265 |   859 |  1320 |   202 ||  2787
Block: Shield            |       |       |       |       |       |    82 ||    82
